 Seeded DCSS version 0.30.1-11-g7821555f0a (webtiles) character file.

Game seed: 12756009894327649987 (custom seed)

228 Psyclone the Destroyer (level 6, 49/49 HPs)
             Began as a Gnoll Conjurer on Nov 6, 2023.
             Was an Initiate of Gozag.
             Quit the game on level 2 of the Dungeon.
             The game lasted 00:04:17 (2568 turns).

Psyclone the Destroyer (Gnoll Conjurer)             Turns: 2568, Time: 00:04:17

Health: 49/49      AC:  3    Str:  7    XL:     6   Next: 2%
Magic:  15/15      EV: 14    Int: 19    God:    Gozag
Gold:   375        SH:  0    Dex: 10    Spells: 7/18 levels left

rFire   . .          .
                       - Unarmed
rCold   . . .        (no shield)
rNeg    . . .        a - +0 robe
rPois   .            (no helmet)
rElec   .            p - +0 cloak
rCorr   .            (no gloves)
SInv    .            (no boots)
Will    .....        (no amulet)
Stlth   +++          (no ring)
HPRegen 0.28/turn    (no ring)
MPRegen 0.14/turn

%: no passive effects
@: no status effects
A: fangs 1, strong nose, distributed training
a: Renounce Religion, Potion Petition, Call Merchant, Bribe Branch


You were on level 2 of the Dungeon.
You worshipped Gozag.
Gozag was aware of your devotion.
You visited 1 branch of the dungeon, and saw 2 of its levels.

You collected 375 gold pieces.

Inventory:

Armour
 a - a +0 robe (worn)
 p - a +0 cloak (worn)
Jewellery
 c - an amulet of guardian spirit
 d - a ring of positive energy
 f - a ring of flight
Scrolls
 e - 2 scrolls of identify {unknown}
 h - a scroll of blinking {unknown}
 i - a scroll of noise {unknown}
 j - a scroll of magic mapping {unknown}
 l - a scroll of enchant weapon {unknown}
 m - a scroll of fear {unknown}
Potions
 b - a potion of magic
 g - a potion of might {unknown}
 k - a potion of curing {unknown}
 n - a potion of haste {unknown}
 o - 2 potions of degeneration {unknown}


   Skills:
 + Level 4.7 Fighting
 + Level 4.7 Short Blades
 + Level 4.7 Long Blades
 + Level 4.7 Axes
 + Level 4.7 Maces & Flails
 + Level 4.7 Polearms
 + Level 4.7 Staves
 + Level 4.7 Ranged Weapons
 + Level 4.7 Throwing
 + Level 4.7 Armour
 + Level 6.6 Dodging
 + Level 6.3 Stealth
 + Level 4.7 Shields
 + Level 4.7 Unarmed Combat
 + Level 6.9 Spellcasting
 + Level 8.2 Conjurations
 + Level 3.9 Hexes
 + Level 3.9 Summonings
 + Level 3.9 Necromancy
 + Level 3.9 Translocations
 + Level 3.9 Transmutations
 + Level 3.9 Fire Magic
 + Level 3.9 Ice Magic
 + Level 3.9 Air Magic
 + Level 3.9 Earth Magic
 + Level 3.9 Poison Magic
 + Level 5.1 Invocations
 + Level 4.7 Evocations


You had 7 spell levels left.
You knew the following spells:

 Your Spells              Type           Power      Damage    Failure   Level
a - Magic Dart            Conj           100%       1d8       1%          1
b - Searing Ray           Conj           74%        2d7       1%          2
d - Fulminant Prism       Conj/Hex       14%        3d9       9%          4
e - Iskenderun's Mystic   Conj/Tloc      29%        2d7       9%          4

Your spell library contained the following spells:

 Spells                   Type           Power      Damage    Failure   Level
 Dazzling Flash           Conj/Hex       58%        N/A       2%          3


Dungeon Overview and Level Annotations

Branches:
Dungeon (2/15) Zot: 9430

Altars:
Gozag


Innate Abilities, Weirdness & Mutations

You have very sharp teeth.
Your uncanny sense of smell can sniff out nearby items.
Your experience applies equally to all skills.


Message History

You take 13 damage, and have 30/43 hp.
MASSIVE DAMAGE!!
You now have 10/14 mp.
The searing ray hits Crazy Yiuf!
You kill Crazy Yiuf!
You finish channelling your searing ray.
You feel very sick.
You have reached level 6!
You take 2 damage, and have 28/49 hp.
You now have 9/15 mp.
You feel very sick.
You now have 375 gold pieces (gained 6).
There is an open translucent door, spattered with blood here.
Things that are here:
a +4 quarterstaff of chaos; a +0 cloak You feel very sick.
You take 7 damage, and have 21/49 hp.
You start resting.
You feel sick.
You feel very sick.
You feel sick. x7
You are no longer poisoned.
You take 11 damage, and have 10/49 hp.
MASSIVE DAMAGE!!
You regained 2 mp, and now have 11/15 mp.
You start resting.
Magic restored.
You regained 8 hp, and now have 18/49 hp.
MP restored: 15 You start resting.
HP restored.
Health restored: 49 You start putting on your armour.
You continue putting on your +0 cloak. x4
You finish putting on your +0 cloak.
Search for what [? for help]? armor You see here a +1 hammer of holy wrath.
There is an open translucent door, spattered with blood here.
You see here a +4 quarterstaff of chaos.
There is an open door here.
You see here a +0 dagger.
Done exploring.
Done exploring.
Unknown command.
Unknown command.
Are you sure you want to abandon this character and quit the game? (Confirm with "yes".)

##### ###
#.#.###.##########
#.#...............
#.#...............
#....#.###.#######
#........#.#
#.####.#.#.#
#@##.#.#.#.#
#.#....#.#.#
#.#..###.#.#
#.#....#.#.#
#.##.###.#.#
#.##.# #.#'###
#.##.# #.....#
#.##.###.....#####
#.................


There were no monsters in sight!

Vanquished Creatures
  Crazy Yiuf (D:2)
  2 orc priests (D:2)
  3 gnolls (D:2)
  An adder (D:2)
  A worm (D:2)
  A dart slug (D:2)
  3 orcs (D:1)
  A ball python (D:1)
  3 bats
  5 endoplasms
  A giant cockroach (D:1)
  7 hobgoblins
  4 quokkas
  2 frilled lizards
  6 goblins
  A kobold (D:2)
42 creatures vanquished.

Notes
Turn   | Place    | Note
-------+----------+-------------------------------------------
     0 | D:1      | Psyclone the Gnoll Conjurer began the quest for the Orb.
     0 | D:1      | Reached XP level 1. HP: 13/13 MP: 6/6
    51 | D:1      | Found a faded altar of an unknown god.
    78 | D:1      | Prayed at the altar of an unknown god.
    78 | D:1      | Became a worshipper of Gozag Ym Sagoz the Greedy
   151 | D:2      | Noticed an orc priest
   236 | D:1      | Reached XP level 2. HP: 15/19 MP: 4/7
   236 | D:1      | Reached skill level 5 in Dodging
   236 | D:1      | Reached skill level 5 in Stealth
   236 | D:1      | Reached XP level 3. HP: 24/29 MP: 4/10
   237 | D:1      | Reached skill level 8 in Conjurations
   237 | D:1      | Reached skill level 5 in Invocations
   237 | D:1      | Reached XP level 4. HP: 31/38 MP: 4/12
   241 | D:1      | Learned a level 2 spell: Searing Ray
   246 | D:1      | Learned a level 4 spell: Fulminant Prism
   251 | D:1      | Learned a level 4 spell: Iskenderun's Mystic Blast
  1326 | D:2      | Reached XP level 5. HP: 43/43 MP: 10/14
  2282 | D:2      | Found a runed translucent door.
  2283 | D:2      | Noticed Crazy Yiuf
  2290 | D:2      | Killed Crazy Yiuf
  2291 | D:2      | Reached XP level 6. HP: 28/49 MP: 9/15
  2568 | D:2      | Quit the game

Illustrated notes

Levels and vault maps discovered:
D:1:      dpeg_arrival_pits, layout_basic, ebering_ecumenical_altar_box
D:2:      layout_basic, minmay_goblin_outpost, uniq_crazy_yiuf_cottage

Skill      XL: |  1  2  3 |
---------------+----------+-----
Fighting       | 3 4 |  4.7
Short Blades   | 3 4 |  4.7
Long Blades    | 3 4 |  4.7
Axes           | 3 4 |  4.7
Maces & Flails | 3 4 |  4.7
Polearms       | 3 4 |  4.7
Staves         | 3 4 |  4.7
Ranged Weapons | 3 4 |  4.7
Throwing       | 3 4 |  4.7
Armour         | 3 4 |  4.7
Dodging        | 5 6 |  6.6
Stealth        | 5 6 |  6.3
Shields        | 3 4 |  4.7
Unarmed Combat | 3 4 |  4.7
Spellcasting   | 6 |  6.9
Hexes          | 2 3 |  3.9
Summonings     | 2 3 |  3.9
Necromancy     | 2 3 |  3.9
Translocations | 2 3 |  3.9
Transmutations | 2 3 |  3.9
Fire Magic     | 2 3 |  3.9
Ice Magic      | 2 3 |  3.9
Air Magic      | 2 3 |  3.9
Earth Magic    | 2 3 |  3.9
Poison Magic   | 2 3 |  3.9
Invocations    | 3 5 |  5.1
Evocations     | 3 4 |  4.7
Conjurations   | 8 |  8.2

Action                     |  1- 3 |  4- 6 || total
---------------------------+-------+-------++-------
   Cast: Magic Dart        |     8 |    62 ||    70
         Searing Ray       |       |    10 ||    10
    Use: Potion            |     2 |       ||     2
 Armour: Robe              |     1 |     1 ||     2
  Dodge: Dodged            |     1 |    12 ||    13
